 Dungeon Crawl Stone Soup version 0.27.1-35-g4d5d836560 (webtiles) character file.

Game seed: 812637079958361521

13 Delamore the Sneak (level 2, -3/19 HPs)
             Began as an Octopode Brigand on Oct 5, 2022.
             Slain by a gnoll (7 damage)
             ... on level 1 of the Dungeon.
             The game lasted 00:00:35 (705 turns).

Delamore the Sneak (Octopode Brigand)                Turns: 705, Time: 00:00:36

Health: -3/19      AC:  1    Str: 10    XL:     2   Next: 37%
Magic:  2/2        EV: 13    Int: 13    God:
Gold:   17         SH:  0    Dex: 13    Spells: 1/1 levels left

rFire    . . .     SeeInvis .   a - +2 dagger
rCold    . . .     Faith    .   (no shield)
rNeg     . . .     Spirit   .   (helmet restricted)
rPois    .         Reflect  .   (no amulet)
rElec    .         Harm     .   (no ring)
rCorr    .         Rampage  .   (no ring)
Will     .....                  (no ring)
Stlth    ++++......             (no ring)
HPRegen  0.06/turn              (no ring)
MPRegen  0.08/turn              (no ring)
                                (no ring)
                                (no ring)

@: no status effects
A: almost no armour, amphibious, 8 rings, camouflage 1, gelatinous body 1,
(nimble swimmer 1), tentacles
a: no special abilities


You were on level 1 of the Dungeon.
You visited 1 branch of the dungeon, and saw 1 of its levels.

You collected 17 gold pieces.

Inventory:

Hand Weapons
 a - a +2 dagger (weapon)
Missiles
 b - 8 poisoned darts
 c - a curare-tipped dart (quivered)
Scrolls
 h - a scroll of identify {unknown}
Potions
 d - a potion of haste {unknown}
 e - a potion of resistance {unknown}
 f - 2 potions of lignification {unknown}
 g - a potion of attraction {unknown}


   Skills:
 - Level 2.0 Fighting
 * Level 2.6 Short Blades
 - Level 2.0 Throwing
 + Level 1.5 Dodging
 - Level 5.3 Stealth


You had one spell level left.
You didn't know any spells.
Your spell library was empty.

Dungeon Overview and Level Annotations

Branches:
Dungeon (1/15)

Altars:


Innate Abilities, Weirdness & Mutations

You cannot wear most types of armour.
You are amphibious.
You can wear up to eight rings at the same time.
Your skin changes colour to match your surroundings (Stealth+).
Your rubbery body absorbs attacks. (AC +1, EV +1)
((You are camouflaged near water. (Stealth+)))
You have tentacles for arms and can constrict up to eight enemies at once.


Message History

You constrict the quokka, but do no damage.
The quokka closely misses you.
You completely miss the quokka. You squeeze the quokka.
You kill the quokka!
You see here a bat corpse.
Key pressed, stopping explore.
An endoplasm comes into view.
An endoplasm is nearby!
The helpless endoplasm fails to defend itself.
You impale the endoplasm!!
You kill the endoplasm!
No target in view!
No target in view!
No target in view!
No target in view!
No target in view!
Found 6 boomerangs.
You see here 6 boomerangs.
Found a stone staircase leading down.
A gnoll comes into view. It is wielding a +0 spear.
The gnoll shouts!
The gnoll hits you with a +0 spear!
You hit the gnoll but do no damage. Your grab misses the gnoll.
The gnoll completely misses you.
You hit the gnoll. You grab the gnoll. You squeeze the gnoll.
The gnoll is moderately wounded.
You constrict the gnoll, but do no damage.
The gnoll hits you with a +0 spear.
* * * LOW HITPOINT WARNING * * *
Throw: 2 darts (curare)
Press: ? - help, Q - select action, (/) - cycle Shift-Dir - straight line, f - gnoll
Aim: a gnoll, wielding a +0 spear (moderately wounded, constricted by you, 93% to hit)
You throw a curare-tipped dart. The curare-tipped dart hits the gnoll.
The gnoll is poisoned.
The gnoll convulses.
The gnoll seems to slow down.
The gnoll is heavily wounded.
You constrict the gnoll.
You release your grip on the gnoll.
The gnoll hits you from afar with a +0 spear!
You die...

######### .........
.########
.......####.################
.####.........g.@..........#
#### .#
#.#####..###.#########.#
#... .# #.# #..# #.#
#.###.## .# #.# #..# #.#
#.....# .####.### #..# #.#
#.....## .##.....# #..# #.#
####.###... .##.....###..#
#.# #.....##...
........>....#
#.######.##..##.#.
###.....####.#
#...............#.


You could see a gnoll (very poisoned, slow).

Vanquished Creatures
  A dart slug (D:1)
  A ball python (D:1)
  2 endoplasms (D:1)
  A quokka (D:1)
  A bat (D:1)
  2 frilled lizards (D:1)
  A goblin (D:1)
  A kobold (D:1)
  2 rats (D:1)
12 creatures vanquished.

Notes
Turn   | Place    | Note
-------+----------+-------------------------------------------
     0 | D:1      | Delamore the Octopode Brigand began the quest for the Orb.
     0 | D:1      | Reached XP level 1. HP: 14/14 MP: 1/1
   296 | D:1      | Reached XP level 2. HP: 19/19 MP: 2/2
   705 | D:1      | Slain by a gnoll

Illustrated notes

Levels and vault maps discovered:
D:1:      nagdon_arrival_zigzag_paths, layout_loops_ring, lemuel_old_faithful

Action                   || total
-------------------------++-------
Melee: Dagger            ||    26
       Tentacles         ||     4
       Constrict         ||     3
Throw: Dart              ||     1
 Stab: Sleeping          ||     6
Armor: Skin              ||     3
Dodge: Dodged            ||     8
